 Dungeon Crawl Stone Soup version 0.26.0-3-g156281e41b (webtiles) character file.

Game seed: 17698322093444680023

129 Esekla the Skirmisher (level 5, -6/37 HPs)
             Began as an Octopode Abyssal Knight on Jan 9, 2021.
             Was a Believer of Lugonu.
             Killed from afar by an orc wizard (9 damage)
             ... with a magic dart
             ... on level 2 of the Dungeon.
             The game lasted 00:17:26 (2340 turns).

Esekla the Skirmisher (Octopode Abyssal Knight)     Turns: 2340, Time: 00:17:26

Health: -6/37      AC:  1    Str: 11    XL:     5   Next: 12%
Magic:  7/7        EV: 14    Int: 15    God:    Lugonu [**....]
Gold:   121        SH:  0    Dex: 12    Spells: 4/7 levels left

rFire    . . .     SeeInvis .   a - +1 falchion
rCold    . . .     Faith    .   (no shield)
rNeg     . . .     Spirit   .   (helmet restricted)
rPois    .         Reflect  .   b - amulet of magic regeneration
rElec    .         Harm     .   (no ring)
rCorr    .         Rampage  .   (no ring)
Will     .....                  (no ring)
Stlth    +++.......             (no ring)
HPRegen  0.12/turn              (no ring)
MPRegen  0.35/turn              (no ring)
                                (no ring)
                                (no ring)

@: no status effects
A: almost no armour, stealthy swim, amphibious, 8 rings, constrict 8, camouflage
1, gelatinous body 1
a: Renounce Religion, Depart the Abyss, Bend Space


You were on level 2 of the Dungeon.
You worshipped Lugonu.
Lugonu was pleased with you.
You visited 1 branch of the dungeon, and saw 3 of its levels.
You visited the Abyss 1 time.

You collected 121 gold pieces.

Inventory:

Hand Weapons
 a - a +1 falchion (weapon)
 h - a +4 hunting sling
 s - a +1 dagger of speed
Jewellery
 b - an amulet of magic regeneration (around mantle)
Potions
 d - a potion of might
 f - a potion of brilliance
 g - a potion of cancellation


   Skills:
 * Level 3.6 Fighting
 + Level 0.1(1.2) Short Blades
 * Level 2.2 Long Blades
 * Level 2.8 Dodging
 * Level 3.2 Stealth
 * Level 1.5 Spellcasting
 * Level 0.2 Air Magic
 * Level 2.7 Invocations


You had 4 spell levels left.
You knew the following spells:

 Your Spells              Type           Power        Failure   Level
a - Static Discharge      Conj/Air       1%           54%         3

Your spell library contained the following spells:

 Spells                   Type           Power        Failure   Level
 Lightning Bolt           Conj/Air       0%           99%         5
 Ignition                 Fire           0%           100%        8
 Shatter                  Erth           0%           100%        9
 Tornado                  Air            0%           100%        9


Dungeon Overview and Level Annotations

Branches:
Dungeon (3/15)

Altars:
Ru
Uskayaw

Annotations:
D:2 1 runed translucent door, Crazy Yiuf, Jessica
D:3 Robin


Innate Abilities, Weirdness & Mutations

You cannot wear most types of armour.
You are very stealthy in the water. (Stealth+)
You are amphibious.
You can wear up to eight rings at the same time.
You can use your tentacles to constrict eight enemies at once.
Your skin changes colour to match your surroundings (Stealth+).
Your rubbery body absorbs attacks. (AC +1, EV +1)


Message History

You see here a flail.
Okay, then.
You hear some strange, mumbled words.
Something tries to affect you, but you resist.
You hear some strange, mumbled words.
You are confused.
You bump into the rock wall.
You bump into the rock wall.
You bump into the rock wall.
Something hits you.
* * * LOW HITPOINT WARNING * * *
You bump into the rock wall.
Something hits you.
* * * LOW HITPOINT WARNING * * *
You feel less confused.
You hear some strange, mumbled words.
Something tries to affect you, but you resist.
An orc wizard appears from thin air!
Reactivating autopickup.
The orc wizard gestures at you while chanting.
The magic dart hits you!
You die...

############# #...........#
###########.#########.#
#.............#### #.#
#.####...........# #.# #.#
#.####.#.##.####.####
####.####..o..@.<.#.........#
#.......)..###.#(.######.##.#
#.##.####>## #.#..######.##.#
#.##.####>####.......[..<÷..#
###.##.............##.#.####÷.###
.............#######.###.........
.##.######...# ######.#.####..###
.....{.....).# #.......## #..#
....########.# #.####### #..#


You could see an orc wizard.

Vanquished Creatures
  An orc wizard (D:2)
  Natasha (D:2)
  An adder (D:2)
  An ooze (D:1)
  A worm (D:2)
  A dart slug (D:1)
  3 leopard geckos
  2 orcs (D:2)
  A giant cockroach (D:2)
  7 goblins
  4 hobgoblins
  3 jackals (D:2)
  3 quokkas (D:2)
  A ball python (D:2)
  6 bats
  3 frilled lizards (D:2)
  3 kobolds
  12 rats
54 creatures vanquished.

Vanquished Creatures (others)
  A goblin (D:3)
1 creature vanquished.

Grand Total: 55 creatures vanquished

Notes
Turn   | Place    | Note
-------+----------+-------------------------------------------
     0 | Abyss:1  | Esekla the Octopode Abyssal Knight began the quest for the
                  | Orb.
     0 | Abyss:1  | Reached XP level 1. HP: 16/16 MP: 2/2
    22 | Abyss:1  | Found a corrupted altar of Lugonu.
    38 | Abyss:2  | Noticed a neqoxec
    52 | Abyss:2  | Noticed an orange demon
    56 | D:1      | Escaped the Abyss
   133 | D:2      | Noticed Jessica
   162 | D:2      | Noticed Natasha
   305 | D:1      | Reached XP level 2. HP: 17/21 MP: 3/3
   388 | D:1      | Reached * piety under Lugonu
   510 | D:1      | Reached skill level 1 in Stealth
   755 | D:2      | Reached XP level 3. HP: 20/26 MP: 4/4
   759 | D:2      | Learned a level 3 spell: Static Discharge
   836 | D:3      | Found a hide-covered altar of Uskayaw.
  1365 | D:3      | Identified the +1 helmet of Vlad {Dex+2}
  1365 | D:3      | Noticed Robin
  1409 | D:2      | Found a sacrificial altar of Ru.
  1424 | D:2      | Reached XP level 4. HP: 21/33 MP: 4/6
  1454 | D:2      | Found a runed translucent door.
  1455 | D:2      | Noticed Crazy Yiuf
  1734 | D:2      | Killed Natasha
  1735 | D:2      | Reached skill level 1 in Spellcasting
  1735 | D:2      | Reached XP level 5. HP: 6/37 MP: 7/7
  2294 | D:2      | Reached ** piety under Lugonu
  2326 | D:2      | HP: 1/37 [something (3)]
  2340 | D:2      | Killed from afar by an orc wizard

Illustrated notes

Levels and vault maps discovered:
D:1:      dpeg_arrival_three_same_balls, layout_basic
D:2:      layout_loops_ring, nicolae_ru_great_annihilating_truth, uniq_natasha,
          uniq_jessica, uniq_crazy_yiuf_cottage
D:3:      layout_rooms, eat_drink_and_be_merry_uskayaw,
          minmay_misc_feat_enclosed, minmay_misc_feat_tiny, uniq_robin,
          uniq_sigmund

Skill      XL: |  1  2  3  4  5 |
---------------+----------------+-----
Stealth        | 1 2 3 |  3.2
Spellcasting   | 1 |  1.5
Fighting       | |  3.6
Short Blades   | |  0.1
Long Blades    | |  2.2
Dodging        | |  2.8
Air Magic      | |  0.2
Invocations    | |  2.7

Action                   |  1- 3 |  4- 6 || total
-------------------------+-------+-------++-------
Melee: Dagger            |    53 |     1 ||    54
       Falchion          |    30 |    24 ||    54
       Constrict         |    17 |    10 ||    27
       Tentacles         |     6 |     6 ||    12
       Unarmed           |     1 |       ||     1
Invok: Depart the Abyss  |     1 |       ||     1
  Use: Scroll            |     8 |       ||     8
       Potion            |       |     2 ||     2
 Stab: Sleeping          |    13 |     2 ||    15
       Paralysed         |       |     1 ||     1
Armor: Skin              |     5 |       ||     5
Dodge: Dodged            |    62 |    30 ||    92
       Rpst.: Falchion   |     9 |     8 ||    17
